 Dungeon Crawl Stone Soup version 0.14.1-1-g650416f (webtiles) character file.

3981 Kae the Conjurer (level 10, -1/50 HPs)
             Began as a Tengu Fire Elementalist on May 1, 2014.
             Was a Priest of Vehumet.
             Killed from afar by Psyche (12 damage)
             ... with a puff of frost
             ... on Level 8 of the Dungeon.
             The game lasted 00:16:21 (11592 turns).

Kae the Conjurer (Tengu Fire Elementalist)         Turns: 11592, Time: 00:16:21

HP  -1/50        AC  2     Str  8      XL: 10   Next: 14%
MP  18/25        EV 15     Int 20      God: Vehumet [***...]
Gold 274         SH  0     Dex 14      Spells:  6 memorised,  3 levels left

rFire  . . .     SeeInvis .     j - +2,+0 whip (elec)
rCold  . . .     Clarity  .     a - +0 robe
rNeg   . . .     Conserve .     (no shield)
rPois  .         rCorr    .     (helmet restricted)
rElec  .         rRot     .     (no cloak)
SustAb . .       Spirit   .     (no gloves)
rMut   .         Warding  .     (boots unavailable)
Saprov . . .     Stasis   .     (no amulet)
MR     .....                    m - ring of wizardry
                                k - ring of invisibility

@: flying, very slightly contaminated, quick, not resistant to hostile
enchantments, fairly stealthy
A: able to fly, beak, talons 3
a: Renounce Religion, Evoke Invisibility


You were on level 8 of the Dungeon.
You worshipped Vehumet.
Vehumet was most pleased with you.
You were very hungry.

You visited 1 branch of the dungeon, and saw 8 of its levels.

You collected 326 gold pieces.
You spent 52 gold pieces at shops.

Inventory:

Hand weapons
 h - a +0,+0 mace
 j - a +2,+0 whip of electrocution (weapon)
Armour
 a - a +0 robe (worn)
Magical devices
 l - a wand of magic darts (7) {unknown}
 v - a wand of confusion (13) {unknown}
 A - a wand of slowing (8) {unknown}
Comestibles
 c - 8 bread rations
 f - 2 apples
 n - 10 cheeses
 p - a pear
 r - 4 meat rations
 C - a banana
 D - 2 beef jerkies
 G - a rotting chunk of hound flesh
 H - a chunk of yellow wasp flesh
Scrolls
 i - 2 scrolls of amnesia
 u - a scroll of enchant weapon II
 w - 3 scrolls of remove curse
 y - a scroll of fear
Jewellery
 k - a ring of invisibility (left hand)
 m - a ring of wizardry (right hand)
 x - an uncursed ring of poison resistance
Potions
 d - 2 potions of heal wounds
 e - a potion of berserk rage {unknown}
 g - 2 potions of might
 o - a potion of magic {unknown}
 q - 2 potions of cure mutation
 s - 3 potions of curing {unknown}
 t - 2 potions of flight
 z - 2 potions of agility {unknown}
 B - a potion of restore abilities {unknown}
 E - a potion of lignification {unknown}
Books
 b - a book of Flames

   Spells                             Type                      Level
   *Flame Tongue                      Conjuration/Fire             1
   *Throw Flame                       Conjuration/Fire             2
   *Conjure Flame                     Conjuration/Fire             3
   Inner Flame                        Hexes/Fire                   3
   *Sticky Flame                      Conjuration/Fire             4
   *Fireball                          Conjuration/Fire             5


   Skills:
 - Level 2.1 Dodging
 - Level 2.0 Stealth
 + Level 6.0 Spellcasting
 * Level 11.7 Conjurations
 * Level 10.3 Fire Magic


You had 3 spell levels left.
You knew the following spells:

 Your Spells              Type           Power        Failure   Level  Hunger
a - Flame Tongue          Conj/Fire      #####        1%          1    None
b - Throw Flame           Conj/Fire      ######       1%          2    None
c - Conjure Flame         Conj/Fire      ######..     1%          3    ##.....
d - Sticky Flame          Conj/Fire      ######..     1%          4    ####...
e - Fireball              Conj/Fire      ######....   1%          5    #####..
f - Stone Arrow           Conj/Erth      ####..       1%          3    ##.....


Dungeon Overview and Level Annotations

Branches:
Dungeon (8/15)             Temple (0/1) D:7
   Lair: D:8-11

Altars:
Ashenzari
Makhleb
Okawaru
Sif Muna
Vehumet

Shops:
D:5 =   D:7 [

Annotations:
D:8 Psyche


Innate Abilities, Weirdness & Mutations

You can fly.
You have a beak for a mouth.
You have claws for feet.


Message History

You kill the giant frog!
Vehumet accepts your kill.
You feel your power returning. Psyche casts a spell at you.
The puff of frost hits you!
One of your 2 blue potions freezes and shatters!
Casting: Flame Tongue
Confirm with . or Enter, or press ? or * to list all spells.
Aiming: Sticky Flame
Press: ? - help, Shift-Dir - straight line, f - Psyche
Aim: Psyche, wielding a runed dagger and wearing a robe (moving very quickly)
The sticky flame hits Psyche.
Psyche is moderately wounded.
Psyche is covered in liquid flames!
Psyche burns!
Psyche hits you with a runed dagger. Psyche burns you.
Psyche hits you with a dagger of chaos.
You are electrocuted!
* * * LOW HITPOINT WARNING * * *
Psyche casts a spell at you. The puff of frost hits you!
You die...

#....##
##....## ?
##....### ..##
##.....#
.....# #.....#
.<...#####...#
.@...##.....#
#...##....##
#..F#.@...#
#...#...###
#...@...#
#......##
###...## #####


You could see Psyche (burning).

Vanquished Creatures
  Grinder (D:3)
  A yak (D:7)
  A hog (D:7)
  A human (D:7)
  Edmund (D:4)
  2 ice beasts
  2 sky beasts
  3 orc warriors
  A black bear (D:7)
  A phantom (D:6)
  A yellow wasp (D:8)
  A centaur (D:8)
  5 ogres
  3 giant frogs
  A scorpion (D:5)
  3 wights (D:5)
  2 crimson imps
  A jelly (D:8)
  5 hounds
  2 orc priests
  2 centaur skeletons (D:5)
  6 orc wizards
  5 worker ants
  4 iguanas
  2 sheep (D:7)
  7 adders
  3 gnolls (D:5)
  A shadow imp (D:6)
  An inept feature mimic (D:2)
  2 giant eyeballs
  3 giant geckos
  3 oozes
  28 orcs
  3 ball pythons
  12 bats
  A bat skeleton (D:6)
  9 giant cockroaches
  10 goblins
  16 hobgoblins
  17 jackals
  9 quokkas
  A giant gecko skeleton (D:3)
  3 giant newts
  A hobgoblin zombie (D:5)
  13 kobolds
  A kobold skeleton (D:5)
  An orc zombie (D:6)
  11 rats
  11 ballistomycetes (D:7)
224 creatures vanquished.

Vanquished Creatures (others)
  A giant spore (D:7)
  A butterfly (D:4)
2 creatures vanquished.

Grand Total: 226 creatures vanquished

Notes
Turn   | Place    | Note
--------------------------------------------------------------
     0 | D:1      | Kae, the Tengu Fire Elementalist, began the quest for the Orb.
     0 | D:1      | Reached XP level 1. HP: 10/10 MP: 3/3
   354 | D:1      | Reached XP level 2. HP: 15/15 MP: 3/5
   377 | D:1      | Learned a level 2 spell: Throw Flame
  1082 | D:1      | Reached XP level 3. HP: 16/19 MP: 7/7
  2024 | D:2      | Reached skill level 4 in Fire Magic
  2119 | D:2      | Found an iron altar of Okawaru.
  2279 | D:2      | Reached XP level 4. HP: 24/24 MP: 5/9
  3022 | D:3      | Noticed Grinder
  3022 | D:3      | Paralysed by Grinder for 2 turns
  3578 | D:3      | Reached XP level 5. HP: 16/28 MP: 11/11
  3606 | D:3      | Learned a level 3 spell: Conjure Flame
  3728 | D:3      | Killed Grinder
  3728 | D:3      | Reached skill level 5 in Conjurations
  3728 | D:3      | Reached skill level 5 in Fire Magic
  3728 | D:3      | Reached XP level 6. HP: 4/32 MP: 6/15
  4277 | D:4      | Reached skill level 6 in Conjurations
  4277 | D:4      | Reached XP level 7. HP: 36/36 MP: 7/17
  4614 | D:3      | Learned a level 4 spell: Sticky Flame
  4615 | D:4      | Noticed Edmund
  4747 | D:4      | Killed Edmund
  4931 | D:4      | Paralysed by a giant eyeball for 2 turns
  5128 | D:4      | Found a radiant altar of Vehumet.
  5161 | D:4      | Became a worshipper of Vehumet
  5178 | D:4      | Reached skill level 7 in Conjurations
  5548 | D:5      | Entered Level 5 of the Dungeon
  5817 | D:5      | Reached XP level 8. HP: 11/41 MP: 8/20
  6318 | D:5      | Reached skill level 8 in Conjurations
  6551 | D:5      | Found Cabe's Jewellery Emporium.
  6558 | D:5      | Bought a cursed ring of hunger for 26 gold pieces
  6558 | D:5      | Bought an uncursed amulet of inaccuracy for 26 gold pieces
  6999 | D:5      | Learned a level 5 spell: Fireball
  7111 | D:5      | Acquired Vehumet's first power
  7111 | D:5      | Offered knowledge of Magic Dart by Vehumet.
  7953 | D:5      | Reached skill level 9 in Conjurations
  8114 | D:5      | Reached XP level 9. HP: 45/45 MP: 0/22
  8116 | D:5      | Identified a scroll of acquirement
  8464 | D:6      | Offered knowledge of Sandblast by Vehumet.
  8768 | D:6      | Found a deep blue altar of Sif Muna.
  8804 | D:6      | Paralysed by a giant eyeball for 2 turns
  8837 | D:6      | Reached skill level 5 in Spellcasting
  8837 | D:6      | Reached skill level 10 in Conjurations
  9217 | D:6      | Found a shattered altar of Ashenzari.
  9522 | D:7      | Found a burning altar of Makhleb.
  9590 | D:7      | Found Cheisez's Armour Emporium.
 10254 | D:7      | Offered knowledge of Stone Arrow by Vehumet.
 10711 | D:7      | Reached skill level 11 in Conjurations
 10826 | D:7      | Found a staircase to the Ecumenical Temple.
 11073 | D:8      | Acquired Vehumet's second power
 11105 | D:8      | Reached skill level 10 in Fire Magic
 11105 | D:8      | Reached XP level 10. HP: 25/50 MP: 20/24
 11441 | D:8      | Noticed Psyche
 11512 | D:8      | Learned a level 3 spell: Stone Arrow
 11592 | D:8      | Killed from afar by Psyche

Action                   |  1- 3 |  4- 6 |  7- 9 | 10-12 || total
-------------------------+-------+-------+-------+-------++-------
Melee: Unarmed           |    89 |    16 |       |       ||   105
       Whip              |       |    36 |   222 |       ||   258
       Mace              |       |     2 |       |       ||     2
 Cast: Flame Tongue      |    40 |    56 |   184 |    11 ||   291
       Conjure Flame     |       |     1 |     8 |       ||     9
       Throw Flame       |       |     1 |    48 |    12 ||    61
       Sticky Flame      |       |       |     9 |     5 ||    14
 Abil: Fly               |       |       |       |     1 ||     1
       Evoke Invisibilit |       |       |       |     1 ||     1
  Use: Scroll            |       |     5 |     9 |       ||    14
       Potion            |       |       |     2 |       ||     2
 Stab: Sleeping          |       |     1 |     3 |       ||     4
